 Dungeon Crawl Stone Soup version 0.22.1-1-ga44c0e5 (webtiles) character file.

5737 lysyklops the Fighter (level 10, -10/139 HPs)
             Began as a Minotaur Fighter on Oct 1, 2018.
             Was a High Priest of Trog.
             Mangled by a komodo dragon (19 damage)
             ... on level 10 of the Dungeon.
             The game lasted 00:19:30 (9242 turns).

lysyklops the Fighter (Minotaur Fighter)            Turns: 9242, Time: 00:19:31

Health: -10/139    AC: 16    Str: 29    XL:     10   Next: 49%
Magic:  9/9        EV:  9    Int:  5    God:    Trog [*****.]
Gold:   629        SH: 13    Dex: 14    Spells: 9/9 levels left

rFire    . . .     SeeInvis .   i - +1 long sword (slice)
rCold    . . .     Gourm    .   c - +0 shield
rNeg     + . .     Faith    .   b - +0 scale mail
rPois    .         Spirit   .   (helmet restricted)
rElec    +         Reflect  .   G - +2 cloak
rCorr    .         Harm     .   E - +1 pair of gloves
MR       .....                  A - +0 pair of boots
Stlth    ..........             (no amulet)
HPRegen  0.33/turn              r - ring of Terra Nullius {rElec Dex+4}
MPRegen  0.11/turn              D - ring of positive energy

@: berserking, very quick
A: retaliatory headbutt, horns 2
a: Berserk, Trog's Hand, Brothers in Arms, Renounce Religion


You were on level 10 of the Dungeon.
You worshipped Trog.
Trog was extremely pleased with you.
You were hungry.

You visited 1 branch of the dungeon, and saw 10 of its levels.

You collected 629 gold pieces.

Inventory:

Hand Weapons
 a - a +0 long sword
 i - a +1 long sword of slicing (weapon)
Armour
 b - a +0 scale mail (worn)
 c - a +0 shield (worn)
 A - a +0 pair of boots (worn)
 E - a +1 pair of gloves (worn)
 G - a +2 cloak (worn)
Jewellery
 o - an uncursed ring of see invisible
 r - the ring of Terra Nullius (left hand) {rElec Dex+4}
   (You found it on level 9 of the Dungeon)

   [ring of dexterity]

   It affects your dexterity (+4).
   It insulates you from electricity.
 D - a ring of positive energy (right hand)
Wands
 m - a wand of random effects (26)
Scrolls
 e - 3 scrolls of teleportation
 h - a scroll of fog {unknown}
 j - 2 scrolls of identify
 k - a scroll of enchant armour {unknown}
 l - 4 scrolls of enchant weapon {unknown}
 q - 2 scrolls of magic mapping {unknown}
 s - 2 scrolls of immolation
 t - 3 scrolls of remove curse
 v - a scroll of fear {unknown}
 w - 2 scrolls of noise {unknown}
Potions
 d - 2 potions of might
 g - a potion of magic
 n - 3 potions of resistance
 p - a potion of ambrosia {unknown}
 u - 3 potions of lignification
 x - 2 potions of heal wounds
 z - 3 potions of haste
 B - 2 potions of cancellation
 C - a potion of mutation
 F - 5 potions of curing
Comestibles
 f - 11 rations
 H - 3 chunks of flesh


   Skills:
 + Level 10.2 Fighting
 + Level 9.7 Long Blades
 + Level 10.1 Armour
 + Level 10.1 Shields


You had 9 spell levels left.
You didn't know any spells.
Your spell library was empty.

Dungeon Overview and Level Annotations

Branches:
Dungeon (10/15)            Temple (0/1) D:5
   Lair: D:8-11         Orc: D:9-12

Altars:
Ashenzari
Fedhas
Hepliaklqana
Kikubaaqudgha
Makhleb
Nemelex Xobeh
Ru
Sif Muna
Trog
Vehumet
Wu Jian
The Shining One

Shops:
D:9 =

Annotations:
D:9 3 runed doors, kyoneko's ghost, novice GnFi


Innate Abilities, Weirdness & Mutations

You reflexively headbutt those who attack you in melee.
You have a pair of horns on your head.


Message History

The orc priest is moderately wounded.
The orc priest mumbles some strange prayers to Beogh against you.
Beogh smites you!
You slash the orc priest!
You kill the orc priest!
Trog accepts your kill.
You barely miss the komodo dragon. Your headbutt misses the komodo dragon.
The komodo dragon bites you but does no damage.
You hit the komodo dragon.
The komodo dragon is lightly wounded.
The komodo dragon bites you but does no damage.
You hit the komodo dragon.
The komodo dragon is lightly wounded.
The komodo dragon bites you!!
* * * LOW HITPOINT WARNING * * *
A red film seems to cover your vision as you go berserk!
You feel yourself moving faster!
You feel mighty!
You are feeling hungry.
The komodo dragon bites you!!
You die... ... #.. ....... #.. ....o.. ##.. ....... #######..# ....... #<.......# .oo.. #........# .Zo

#.....)>.# ######o#
#........###...@lo#
#######(###..######
#(.##.##
##....#######..
####(...........
##(..(######.....
##..#### #..#.#.
#####..#####
##..##...
...........####..##..


You could see a komodo dragon, 4 orcs and a hound skeleton.

Vanquished Creatures
  The ghost of Bodigarde the Ruffian, a novice DrTm of Cheibriados (D:5)
  Joseph (D:8)
  A wyvern (D:8)
  3 hungry ghosts
  Duvessa (D:7)
  A sky beast (D:8)
  An eye of draining (D:10)
  2 ice beasts (D:6)
  2 orc warriors
  2 phantoms
  A black bear (D:6)
  2 centaurs
  4 ogres
  A crocodile (D:10)
  3 big kobolds
  A bullfrog (D:6)
  A water moccasin zombie (D:6)
  Dowan (D:7)
  6 scorpions
  15 killer bees
  A wight (D:8)
  2 howler monkeys
  2 crimson imps (D:8)
  3 bullfrog zombies
  5 jellies
  2 centaur zombies
  A centaur skeleton (D:4)
  4 hounds
  8 orc priests
  An iguana (D:9)
  8 orc wizards
  Ijyb (D:3)
  4 worker ants
  A hound skeleton (D:7)
  Robin (D:3)
  2 worker ant zombies
  3 gnolls (D:6)
  8 adders
  A shadow imp (D:5)
  An ooze (D:4)
  An adder zombie (D:9)
  An adder skeleton (D:6)
  3 worms (D:2)
  8 leopard geckos
  40 orcs
  5 bats
  6 giant cockroaches
  19 goblins
  6 hobgoblins
  17 jackals
  33 kobolds
  6 quokkas
  3 ball pythons
  5 frilled lizards
  2 leopard gecko zombies
  A quokka skeleton (D:5)
  5 rats
270 creatures vanquished.

Notes
Turn   | Place    | Note
-------+----------+-------------------------------------------
     0 | D:1      | lysyklops the Minotaur Fighter began the quest for the Orb.
     0 | D:1      | Reached XP level 1. HP: 19/19 MP: 0/0
   140 | D:1      | Reached XP level 2. HP: 21/27 MP: 1/1
   841 | D:2      | Reached XP level 3. HP: 33/33 MP: 2/2
   866 | D:2      | Noticed a moth of wrath
   869 | D:2      | Found a bloodstained altar of Trog.
   907 | D:2      | Became a worshipper of Trog the Wrathful
  1000 | D:2      | Found an ornate altar of the Wu Jian Council.
  1092 | D:2      | Reached XP level 4. HP: 38/41 MP: 3/3
  1102 | D:2      | Found a burning altar of Makhleb.
  1286 | D:2      | Found a shattered altar of Ashenzari.
  1289 | D:2      | Found a faded altar of an unknown god.
  1560 | D:3      | Found a blossoming altar of Fedhas.
  1643 | D:3      | Reached * piety under Trog
  2063 | D:3      | Noticed Ijyb
  2072 | D:3      | Killed Ijyb
  2072 | D:3      | Reached XP level 5. HP: 44/47 MP: 4/4
  2268 | D:3      | Noticed Robin
  2287 | D:3      | Killed Robin
  2598 | D:4      | Reached ** piety under Trog
  2664 | D:4      | Reached skill level 5 in Fighting
  2664 | D:4      | Reached skill level 5 in Shields
  2668 | D:4      | Reached skill level 5 in Armour
  2690 | D:4      | Reached XP level 6. HP: 37/56 MP: 5/5
  2798 | D:4      | Found a radiant altar of Vehumet.
  3155 | D:5      | Entered Level 5 of the Dungeon
  3167 | D:5      | Found the cursed +13 scythe of Curses {drain, *Curse}
  3172 | D:5      | Found a runed gate.
  3172 | D:5      | Found a runed gate.
  3172 | D:5      | Found a runed gate.
  3173 | D:5      | Noticed Bodigarde's ghost (novice DrTm)
  3178 | D:5      | Found a hazy altar of Hepliaklqana.
  3274 | D:5      | Reached XP level 7. HP: 60/62 MP: 6/6
  3276 | D:5      | Reached skill level 5 in Long Blades
  3728 | D:5      | Reached *** piety under Trog
  4025 | D:5      | Found a staircase to the Ecumenical Temple.
  4154 | D:5      | Killed Bodigarde's ghost
  4154 | D:5      | Reached XP level 8. HP: 70/73 MP: 7/7
  4731 | D:6      | Found an ancient bone altar of Kikubaaqudgha.
  4814 | D:6      | Reached XP level 9. HP: 20/81 MP: 8/8
  5209 | D:6      | Reached **** piety under Trog
  5638 | D:7      | Noticed Duvessa
  5638 | D:7      | Noticed Dowan
  5640 | D:7      | Killed Duvessa
  5645 | D:7      | Killed Dowan
  5928 | D:7      | Received a gift from Trog
  6240 | D:8      | Noticed Joseph
  6922 | D:8      | Killed Joseph
  7239 | D:8      | Found a deep blue altar of Sif Muna.
  7255 | D:8      | Found a sparkling altar of Nemelex Xobeh.
  7455 | D:8      | Reached XP level 10. HP: 84/91 MP: 9/9
  7556 | D:8      | Found a sacrificial altar of Ru.
  7947 | D:9      | Found Oschihuel's Jewellery Shoppe.
  8094 | D:9      | Got a glittering lead ring
  8139 | D:9      | Found a runed gate.
  8139 | D:9      | Found a runed gate.
  8139 | D:9      | Found a runed gate.
  8151 | D:9      | Noticed kyoneko's ghost (novice GnFi)
  8155 | D:9      | Noticed a two-headed ogre
  8181 | D:9      | Reached ***** piety under Trog
  8723 | D:9      | Identified the ring of Terra Nullius {rElec Dex+4} (You
                  | found it on level 9 of the Dungeon)
  8902 | D:9      | Reached skill level 10 in Fighting
  8978 | D:9      | Found a glowing golden altar of the Shining One.
  9135 | D:10     | Entered Level 10 of the Dungeon
  9159 | D:10     | Reached skill level 10 in Armour
  9184 | D:10     | Reached skill level 10 in Shields
  9242 | D:10     | Mangled by a komodo dragon

Skill      XL: |  1  2  3  4  5  6  7  8  9 10 |
---------------+-------------------------------+-----
Armour         | 4 5 7 9 10 | 10.1
Fighting       | 4 5 7 8 9 10 | 10.2
Shields        | 4 5 7 9 10 | 10.1
Long Blades    | 3 4 6 7 9 |  9.7

Action                   |  1- 3 |  4- 6 |  7- 9 | 10-12 || total
-------------------------+-------+-------+-------+-------++-------
Melee: Long sword        |    74 |   160 |   345 |   162 ||   741
       Headbutt          |     9 |    27 |    65 |    40 ||   141
Invok: Berserk           |       |     1 |     3 |     1 ||     5
  Use: Scroll            |       |       |     6 |     8 ||    14
 Stab: Paralysed         |       |       |       |     1 ||     1
  Eat: Chunk             |       |     8 |     7 |     6 ||    21
       Ration            |       |       |     3 |     1 ||     4
Armor: Scale mail        |    31 |    52 |   124 |    55 ||   262
Dodge: Dodged            |    24 |    44 |   107 |    52 ||   227
Block: Shield            |    43 |    97 |   205 |    86 ||   431
       Rpst.: Long sword |     3 |    12 |    37 |    20 ||    72
